 Dungeon Crawl Stone Soup version 0.17-a0-1910-g4c791fa (webtiles) character file.

938 derrpe the Bolt Thrower (level 8, -1/54 HPs)
             Began as a Formicid Arcane Marksman on Sept 25, 2015.
             Was an Initiate of the Shining One.
             Slain by Grinder (3 damage)
             ... on level 5 of the Dungeon.
             The game lasted 00:18:38 (6665 turns).

derrpe the Bolt Thrower (Formicid Arcane Marksman)  Turns: 6665, Time: 00:18:39

Health: -1/54      AC:  4    Str: 16    XL:     8   Next: 34%
Magic:  9/9        EV: 10    Int: 20    God:    the Shining One [......]
Gold:   197        SH:  9    Dex: 10    Spells: 2 memorised, 6 levels left

rFire  . . .     SeeInvis +     b - +3 dagger
rCold  . . .     Clarity  .     h - +0 leather armour
rNeg   . . .     SustAt   +     o - +0 shield
rPois  .         Gourm    .     (helmet unavailable)
rElec  .         Spirit   .     (no cloak)
rCorr  .         Warding  .     (no gloves)
rMut   .         Stasis   +     u - +0 pair of boots
MR     .....                    (no amulet)
Stlth  +.........               y - ring of teleportation (curse)
                                m - ring of sustain attributes

@: brilliant, not resistant to hostile enchantments, very unstealthy
A: permanent stasis, dig shafts and tunnels, four strong arms, antennae 3
a: Dig, Shaft Self, Renounce Religion, Evoke Teleportation


You were on level 5 of the Dungeon.
You worshipped the Shining One.
The Shining One was noncommittal.
You were not hungry.

You visited 1 branch of the dungeon, and saw 5 of its levels.

You collected 197 gold pieces.

Inventory:

Hand weapons
 a - a +0 hand crossbow
 b - a +3 dagger (weapon)
 C - a +0 falchion
Missiles
 j - 14 poisoned bolts {=f}
 k - 4 bolts
Armour
 h - a +0 leather armour (worn)
 o - a +0 shield (worn)
 u - a +0 pair of boots (worn)
Jewellery
 m - a ring of sustain attributes (left hand)
 y - a cursed ring of teleportation (right hand)
Scrolls
 f - a scroll of random uselessness {unknown}
 g - a scroll of identify
 i - 2 scrolls of remove curse
 v - 2 scrolls of magic mapping
Potions
 l - a potion of brilliance
 p - a potion of haste
 s - 2 potions of lignification
 w - a potion of cancellation
Books
 d - a book of Debilitation

   Spells                             Type                      Level
   a - Corona                         Hexes                        1
   b - Slow                           Hexes                        2
   c - Gell's Gravitas                Hexes/Translocation          3
   d - Inner Flame                    Hexes/Fire                   3
   e - Cause Fear                     Hexes                        4
   f - Leda's Liquefaction            Hexes/Earth                  4
 z - a book of Frost

   Spells                             Type                      Level
   a - Freeze                         Ice                          1
   b - Throw Frost                    Conjuration/Ice              2
   c - Ozocubu's Armour               Charms/Ice                   3
   d - Throw Icicle                   Conjuration/Ice              4
   e - Summon Ice Beast               Ice/Summoning                4
   f - Condensation Shield            Ice                          4
Comestibles
 c - a royal jelly
 e - 4 bread rations {@e1}
 A - 3 fruits


   Skills:
 - Level 1.1 Fighting
 * Level 0.6 Long Blades
 - Level 6.4 Crossbows
 - Level 1.7 Dodging
 + Level 5.7 Shields
 - Level 1.1 Spellcasting
 - Level 6.1 Hexes


You had 6 spell levels left.
You knew the following spells:

 Your Spells              Type           Power        Failure   Level  Hunger
a - Corona                Hex            #####..      1%          1    ##.....
b - Slow                  Hex            #####...     1%          2    ###....


Dungeon Overview and Level Annotations

Branches:
Dungeon (5/15)
 Temple: D:4-7

Altars:
Ashenzari
Sif Muna
Trog
Yredelemnul
The Shining One

Annotations:
D:5 Grinder


Innate Abilities, Weirdness & Mutations

You are under a permanent stasis effect.
You can dig through walls and to a lower floor.
Your four strong arms can wield two-handed weapons with a shield.
You have a pair of large antennae on your head (SInv).


Message History

You block the adder's attack. The centaur hits you.
* * * LOW HITPOINT WARNING * * *
Grinder hits you but does no damage.
The hound zombie bites you but does no damage.
The adder bites you.
* * * LOW HITPOINT WARNING * * *
The centaur hits you.
* * * LOW HITPOINT WARNING * * *
You hit Grinder.
Grinder is moderately wounded.
The hound zombie bites you but does no damage.
You block Grinder's attack. The centaur hits you.
* * * LOW HITPOINT WARNING * * *
You block the adder's attack. You block the hound zombie's attack.
Unknown command.
Drink which item? (? for menu, Esc to quit)
It was a potion of curing.
You feel better. The centaur hits you!
* * * LOW HITPOINT WARNING * * *
Grinder hits you.
You die...

#####.......
#..†§..5....
#.#########.
#.# #.# #
###.#######..
#............
#..S.........
#.(@c.......#
#.Z5........#
#..5........#
#...........#
#...........#
#...........#
#...........#
.............


You could see Grinder, a centaur, a crimson imp, an adder and a hound zombie.

Vanquished Creatures
  Sigmund (D:3)
  The ghost of Goresteps the Magician, an average SpEE (D:4)
  An ogre (D:4)
  A phantom (D:4)
  A hound (D:4)
  A crimson imp (D:4)
  2 orc wizards (D:4)
  An iguana (D:4)
  2 centaur skeletons (D:4)
  An orc priest (D:4)
  A worker ant (D:4)
  A worker ant zombie (D:5)
  7 adders
  A shadow imp (D:5)
  3 oozes
  An adder skeleton (D:4)
  4 worms (D:3)
  5 giant geckos
  14 orcs
  5 bats
  7 giant cockroaches
  13 goblins
  9 hobgoblins
  7 jackals (D:3)
  A kobold (D:3)
  A quokka (D:3)
  A ball python (D:3)
  2 giant newts
  A quokka skeleton (D:4)
  11 rats
107 creatures vanquished.

Notes
Turn   | Place    | Note
--------------------------------------------------------------
     0 | D:1      | derrpe the Formicid Arcane Marksman began the quest for the Orb.
     0 | D:1      | Reached XP level 1. HP: 15/15 MP: 2/2
   296 | D:1      | Reached XP level 2. HP: 19/21 MP: 3/3
   894 | D:2      | Found a shattered altar of Ashenzari.
   956 | D:2      | Reached skill level 4 in Hexes
   956 | D:2      | Reached XP level 3. HP: 18/26 MP: 4/4
  1237 | D:2      | Found a bloodstained altar of Trog.
  1237 | D:2      | Found a deep blue altar of Sif Muna.
  1639 | D:2      | Reached XP level 4. HP: 25/32 MP: 5/5
  2090 | D:3      | Found a basalt altar of Yredelemnul.
  2119 | D:3      | Found a glowing golden altar of the Shining One.
  2203 | D:3      | Became a worshipper of the Shining One
  2446 | D:3      | Noticed Sigmund
  2456 | D:3      | Killed Sigmund
  2456 | D:3      | Reached skill level 5 in Crossbows
  2456 | D:3      | Reached skill level 5 in Hexes
  2456 | D:3      | Reached XP level 5. HP: 13/37 MP: 2/6
  2456 | D:3      | Reached XP level 6. HP: 15/43 MP: 2/7
  2922 | D:3      | Was placed under penance by the Shining One
  4331 | D:4      | Reached XP level 7. HP: 24/48 MP: 8/8
  4492 | D:4      | Noticed Goresteps's ghost (average SpEE)
  4498 | D:4      | Killed Goresteps's ghost
  4498 | D:4      | Was forgiven by the Shining One
  4498 | D:4      | Reached skill level 6 in Crossbows
  4506 | D:4      | Learned a level 2 spell: Slow
  4796 | D:4      | Reached skill level 1 in Shields
  5506 | D:4      | Reached XP level 8. HP: 39/54 MP: 9/9
  5930 | D:5      | Entered Level 5 of the Dungeon
  5930 | D:5      | Noticed Grinder
  5957 | D:4      | Reached skill level 5 in Shields
  6665 | D:5      | HP: 2/54 [centaur (9)]
  6665 | D:5      | Slain by Grinder

Vault maps used:
D:1:      minmay_arrival_five_plusses
D:2:      overflow_temple_1_default, gammafunk_temple_overflow_statue
D:3:      lemuel_doored_altar, yredelemnul_altar_generic, uniq_sigmund
D:4:      first_bread
D:5:      grunt_temple_overflow_champion_of_chaos,
          lemuel_temple_firewalk_marked, kb_lookout_dungeons_type, uniq_grinder

Action                   |  1- 3 |  4- 6 |  7- 9 || total
-------------------------+-------+-------+-------++-------
Melee: Unarmed           |    19 |       |       ||    19
       Dagger            |    65 |   167 |   227 ||   459
       Short sword       |     7 |    68 |       ||    75
       Falchion          |       |       |    30 ||    30
 Fire: Hand crossbow     |    34 |    51 |    31 ||   116
 Cast: Corona            |       |       |     2 ||     2
       Slow              |       |       |     1 ||     1
  Use: Scroll            |     4 |     1 |     2 ||     7
       Potion            |       |     2 |     5 ||     7
 Stab: Sleeping          |     1 |       |       ||     1
  Eat: Chunk             |     2 |     9 |     1 ||    12
       Meat ration       |       |       |     1 ||     1
       Pizza             |       |       |     1 ||     1
       Beef jerky        |       |       |     1 ||     1
